 Dungeon Crawl Stone Soup version 0.24-a0-549-g45f0056d81 (webtiles) character file.

Game seed: 15562473036734979664

25 Pyroue the Sneak (level 2, 0/13 HPs)
             Began as a Spriggan Enchanter on Aug 19, 2019.
             Slain by a hobgoblin
             ... wielding a +0 club
              (4 damage)
             ... on level 1 of the Dungeon.
             The game lasted 00:03:20 (784 turns).

Pyroue the Sneak (Spriggan Enchanter)                Turns: 784, Time: 00:03:21

Health: 0/13       AC:  2    Str:  4    XL:     2   Next: 86%
Magic:  7/7        EV: 19    Int: 16    God:
Gold:   47         SH:  0    Dex: 16    Spells: 6/7 levels left

rFire    . . .     SeeInvis +   a - +1 dagger
rCold    . . .     Gourm    .   (shield restricted)
rNeg     . . .     Faith    .   b - +0 robe
rPois    .         Spirit   .   (helmet restricted)
rElec    .         Reflect  .   (no cloak)
rCorr    .         Harm     .   (gloves unavailable)
MR       .....                  (boots unavailable)
Stlth    +++.......             (no amulet)
HPRegen  0.04/turn              (no ring)
MPRegen  0.10/turn              (no ring)

@: very quick
A: very small, unfitting armour, see invisible, herbivore, speed 3, slow
metabolism 2
a: no special abilities


You were on level 1 of the Dungeon.
You were not hungry.

You visited 1 branch of the dungeon, and saw 1 of its levels.

You collected 47 gold pieces.

Inventory:

Hand Weapons
 a - a +1 dagger (weapon)
 c - a +0 whip
 m - a +1 short sword of draining
Missiles
 f - 12 bolts
 g - 17 poisoned darts (quivered)
Armour
 b - a +0 robe (worn)
 j - a +0 robe
 l - a +0 cloak
Jewellery
 i - an uncursed ring of ice {unknown}
Scrolls
 e - 2 scrolls of remove curse {unknown}
 h - a scroll of enchant weapon {unknown}
 k - 2 scrolls of identify {unknown}
Comestibles
 d - 2 rations


   Skills:
 + Level 1.6 Short Blades
 + Level 3.4 Dodging
 + Level 4.8 Stealth
 + Level 3.1 Spellcasting
 + Level 3.9 Hexes


You had 6 spell levels left.
You knew the following spells:

 Your Spells              Type           Power        Failure   Level  Hunger
a - Corona                Hex            ###....      3%          1    #......

Your spell library contained the following spells:

 Spells                   Type           Power        Failure   Level  Hunger
 Confuse                  Hex            ###.....     11%         3    ###....
 Tukima's Dance           Hex            ###.....     11%         3    ###....
 Ensorcelled Hibernation  Hex/Ice        #.....       12%         2    ##.....
 Dazzling Spray           Conj/Hex       #.....       24%         3    ###....


Dungeon Overview and Level Annotations

Branches:
Dungeon (1/15)

Altars:


Innate Abilities, Weirdness & Mutations

You are very small and have problems with some larger weapons.
You are too small for most types of armour.
You have supernaturally acute eyesight. (SInv)
You are a herbivore.
You cover ground extremely quickly.
You need to consume almost no food.


Message History

The ooze is almost dead.
The ooze barely misses you.
You hit the ooze.
You kill the ooze!
You hit the goblin.
The goblin is heavily wounded.
The goblin hits you but does no damage.
You miss the goblin.
The goblin is moderately wounded.
The goblin misses you.
You closely miss the goblin.
The goblin is moderately wounded.
The goblin completely misses you.
You hit the goblin.
You kill the goblin!
You closely miss the hobgoblin. You hit the hobgoblin.
The hobgoblin is severely wounded.
The hobgoblin hits you with a +0 club.
You die...

...#######.####..##..# #
...# ##†# .###.. #####.
♣P♣♣ ####.##......
.....♣ ♣..♣♣♣...........
#####♣♣P...P♣###..#.....
P.P...♣ #...#####
#####♣♣P♣PP♣♣# #......)#
......♣..P.♣.# #g#..##.#
#......♣.P♣#.# #@##.##.#
...........#.###.##..#.#
#.##.....#.#.....###.#.#
#.##...............#...#
#.###....####....#.##..#
..##...............# .##
####.####.###......#
.......##...#......#
.###.#.##.#.#......#


You could see a hobgoblin.

Vanquished Creatures
  An ooze (D:1)
  A leopard gecko (D:1)
  3 goblins (D:1)
  2 hobgoblins (D:1)
  A jackal (D:1)
  5 bats (D:1)
  2 frilled lizards (D:1)
  2 kobolds (D:1)
  2 rats (D:1)
19 creatures vanquished.

Notes
Turn   | Place    | Note
-------+----------+-------------------------------------------
     0 | D:1      | Pyroue the Spriggan Enchanter began the quest for the Orb.
     0 | D:1      | Reached XP level 1. HP: 9/9 MP: 5/5
   510 | D:1      | Reached XP level 2. HP: 13/13 MP: 6/6
   784 | D:1      | Slain by a hobgoblin

Levels and vault maps discovered:
D:1:      giann_bridges, layout_basic, serial_forest, infiniplex_forest_lined_3,
          infiniplex_forest_clump_tiny, infiniplex_forest_end_2,
          infiniplex_forest_end_2, infiniplex_forest_straight_3,
          infiniplex_forest_clump_large, infiniplex_forest_corner_1,
          minmay_tall_x

Skill      XL: |  1  2 |
---------------+-------+-----
Spellcasting   | 3 |  3.1
Short Blades   | |  1.6
Dodging        | |  3.4
Stealth        | |  4.8
Hexes          | |  3.9

Action                   || total
-------------------------++-------
Melee: Dagger            ||    98
 Stab: Sleeping          ||     5
Armor: Robe              ||    11
Dodge: Dodged            ||    87

Table legend:
 A = Non-vault XP
 B = Vault XP
 C = Vault XP percentage of total XP
 D = Non-vault monster count
 E = Vault monster count
 F = Vault count percentage of total count
                 A         B        C        D         E       F
            +---------+---------+-------+---------+---------+-------
      Total |      32 |       5 |  13.5 |      16 |       3 |  15.8
            +---------+---------+-------+---------+---------+-------
        D:1 |      32 |       5 |  13.5 |      16 |       3 |  15.8
            +---------+---------+-------+---------+---------+-------
